| TOP OF THE 1ST |
|
Hawaii Islanders batting - Pitching for Portland Beavers : RHP Kevin Gross
|
|
Pitching: RHP Kevin Gross
|
|
|
Batting: LHB Leo Sutherland
|
0-0: Called Strike 0-1: Fly out, F8 (Flyball, 8RD, EV 96.9 MPH)
|
|
Batting: LHB Creighton Tevlin
|
0-0: Ball 1-0: Ball 2-0: SINGLE (Groundball, 56D, EV 103.1 MPH)
|
|
Batting: SHB Charles Valley
|
0-0: Ball 1-0: Called Strike 1-1: Ball 2-1: Fly out, F8 (Flyball, 78M, EV 91.3 MPH)
|
|
Batting: LHB Dom Fucci
|
0-0: Ball Creighton Tevlin steals 2nd base 1-0: Ball 2-0: Ball 3-0: Base on Balls
|
|
Batting: RHB Joe Strain
|
0-0: Ball 1-0: Foul Ball, location: 2F 1-1: Ball 2-1: Fly out, F9 (Line Drive, 9, EV 101.3 MPH)
|
| Top of the 1st over - 0 runs, 1 hit, 0 errors, 2 left on base; Hawaii 0 - Portland 0 |
| BOTTOM OF THE 1ST |
|
Portland Beavers batting - Pitching for Hawaii Islanders : RHP Herberto Folgueira
|
|
Pitching: RHP Herberto Folgueira
|
|
|
Batting: SHB Wally Backman
|
0-0: Called Strike 0-1: Ball 1-1: Called Strike 1-2: Foul Ball, location: 2F 1-2: Ball 2-2: Ball 3-2: Ground out U3 (Groundball, 3, EV 86.9 MPH)
|
|
Batting: LHB Mike Gates
|
0-0: SINGLE (Groundball, 4MS, EV 73.8 MPH) (infield hit)
|
|
Batting: RHB Glenn Davis
|
0-0: 2-RUN HOME RUN (Flyball, 89XD, EV 95.0 MPH), Distance : 412 ft
|
|
Batting: LHB Harold Baines
|
0-0: Called Strike 0-1: Ball 1-1: SINGLE (Groundball, 6D, EV 98.8 MPH)
|
|
Batting: RHB Martinho Varandas
|
0-0: Foul Ball, location: 2F 0-1: Swinging Strike 0-2: Strikes out swinging
|
|
Batting: RHB Skeeter Barnes
|
0-0: Called Strike 0-1: Foul Ball, location: 2F 0-2: Foul Ball, location: 2F 0-2: Ball 1-2: Ball 2-2: Foul Ball, location: 2F 2-2: Strikes out swinging
|
| Bottom of the 1st over - 2 runs, 3 hits, 0 errors, 1 left on base; Hawaii 0 - Portland 2 |
| TOP OF THE 2ND |
|
Hawaii Islanders batting - Pitching for Portland Beavers : RHP Kevin Gross
|
|
Batting: LHB Geno Petralli
|
0-0: Ball 1-0: Ball 2-0: Ground out 3-1 (Groundball, 3S, EV 70.6 MPH)
|
|
Batting: RHB Rob Teegarden
|
0-0: Ball 1-0: Called Strike 1-1: Ball 2-1: SINGLE (Groundball, 5D, EV 94.4 MPH)
|
|
Batting: SHB Wayne Stone
|
0-0: Called Strike 0-1: Ball 1-1: Ball 2-1: Foul Ball, location: 2F 2-2: Strikes out swinging
|
|
Batting: RHB Tony Walker
|
0-0: Ball 1-0: Swinging Strike 1-1: Called Strike 1-2: Foul Ball, location: 2F 1-2: Strikes out swinging
|
| Top of the 2nd over - 0 runs, 1 hit, 0 errors, 1 left on base; Hawaii 0 - Portland 2 |
| BOTTOM OF THE 2ND |
|
Portland Beavers batting - Pitching for Hawaii Islanders : RHP Herberto Folgueira
|
|
Batting: RHB Pepe Mangual
|
0-0: DOUBLE (Line Drive, 9D, EV 86.9 MPH)
|
|
Batting: RHB Kevin Buckley
|
0-0: Fly out, F3 (Popup, 23F, EV 88.1 MPH)
|
|
Batting: LHB Andre David
|
0-0: Ball 1-0: Ground out 6-3 (Groundball, 6M, EV 86.9 MPH) Pepe Mangual to third
|
|
Batting: SHB Wally Backman
|
0-0: Foul Ball, location: 2F 0-1: Ball 1-1: Called Strike 1-2: Ball 2-2: Strikes out swinging
|
| Bottom of the 2nd over - 0 runs, 1 hit, 0 errors, 1 left on base; Hawaii 0 - Portland 2 |
| TOP OF THE 3RD |
|
Hawaii Islanders batting - Pitching for Portland Beavers : RHP Kevin Gross
|
|
Batting: LHB Leo Sutherland
|
0-0: Ball 1-0: Ball 2-0: Called Strike 2-1: Ball 3-1: Foul Ball, location: 2F 3-2: Strikes out looking
|
|
Batting: LHB Creighton Tevlin
|
0-0: Called Strike 0-1: Ball 1-1: Foul Ball, location: 2F 1-2: Ball 2-2: Ground out 4-3 (Groundball, 4, EV 81.9 MPH)
|
|
Batting: SHB Charles Valley
|
0-0: Called Strike 0-1: Called Strike 0-2: Fly out, F9 (Flyball, 9, EV 74.4 MPH)
|
| Top of the 3rd over - 0 runs, 0 hits, 0 errors, 0 left on base; Hawaii 0 - Portland 2 |
| BOTTOM OF THE 3RD |
|
Portland Beavers batting - Pitching for Hawaii Islanders : RHP Herberto Folgueira
|
|
Batting: LHB Mike Gates
|
0-0: Ball 1-0: Ground out 4-3 (Groundball, 4, EV 83.1 MPH)
|
|
Batting: RHB Glenn Davis
|
0-0: Foul Ball, location: 2F 0-1: Foul Ball, location: 2F 0-2: Foul Ball, location: 2F 0-2: Foul Ball, location: 2F 0-2: Foul Ball, location: 2F 0-2: Ground out 6-3 (Groundball, 56, EV 106.9 MPH)
|
|
Batting: LHB Harold Baines
|
0-0: Called Strike 0-1: Foul Ball, location: 2F 0-2: Ball 1-2: Ground out 4-3 (Groundball, 34D, EV 103.8 MPH)
|
| Bottom of the 3rd over - 0 runs, 0 hits, 0 errors, 0 left on base; Hawaii 0 - Portland 2 |
| TOP OF THE 4TH |
|
Hawaii Islanders batting - Pitching for Portland Beavers : RHP Kevin Gross
|
|
Batting: LHB Dom Fucci
|
0-0: Ball 1-0: Ball 2-0: Foul Ball, location: 2F 2-1: Ground out 6-3 (Groundball, 6M, EV 99.4 MPH)
|
|
Batting: RHB Joe Strain
|
0-0: Ball 1-0: Ball 2-0: Fly out, F3 (Popup, 3L, EV 70.0 MPH)
|
|
Batting: LHB Geno Petralli
|
0-0: Called Strike 0-1: Foul Ball, location: 2F 0-2: Foul Ball, location: 2F 0-2: Ground out U3 (Groundball, 3, EV 102.5 MPH)
|
| Top of the 4th over - 0 runs, 0 hits, 0 errors, 0 left on base; Hawaii 0 - Portland 2 |
| BOTTOM OF THE 4TH |
|
Portland Beavers batting - Pitching for Hawaii Islanders : RHP Herberto Folgueira
|
|
Batting: RHB Martinho Varandas
|
0-0: Ball 1-0: Swinging Strike 1-1: Swinging Strike 1-2: Ground out 6-3 (Groundball, 6, EV 105.6 MPH)
|
|
Batting: RHB Skeeter Barnes
|
0-0: Fly out, F8 (Flyball, 8RM, EV 88.8 MPH)
|
|
Batting: RHB Pepe Mangual
|
0-0: Called Strike 0-1: Foul Ball, location: 2F 0-2: Ball 1-2: Ball 2-2: Ball 3-2: SINGLE (Groundball, 56, EV 84.4 MPH) (infield hit)
|
|
Batting: RHB Kevin Buckley
|
0-0: Called Strike 0-1: Fielders Choice at 2nd, 6-4 (Groundball, 6, EV 81.3 MPH)
|
| Bottom of the 4th over - 0 runs, 1 hit, 0 errors, 1 left on base; Hawaii 0 - Portland 2 |
| TOP OF THE 5TH |
|
Hawaii Islanders batting - Pitching for Portland Beavers : RHP Kevin Gross
|
|
Batting: RHB Rob Teegarden
|
0-0: Swinging Strike 0-1: Foul Ball, location: 2F 0-2: Foul Ball, location: 2F 0-2: Strikes out swinging
|
|
Batting: SHB Wayne Stone
|
0-0: Fly out, F7 (Flyball, 7S, EV 91.3 MPH)
|
|
Batting: RHB Tony Walker
|
0-0: Called Strike 0-1: Ball 1-1: DOUBLE (Line Drive, 5D, EV 102.5 MPH)
|
|
Batting: LHB Leo Sutherland
|
0-0: Ball 1-0: Ball 2-0: Ground out U3 (Groundball, 3, EV 110.6 MPH)
|
| Top of the 5th over - 0 runs, 1 hit, 0 errors, 1 left on base; Hawaii 0 - Portland 2 |
| BOTTOM OF THE 5TH |
|
Portland Beavers batting - Pitching for Hawaii Islanders : RHP Herberto Folgueira
|
|
Batting: LHB Andre David
|
0-0: Foul Ball, location: 2F 0-1: Fly out, F9 (Flyball, 9LS, EV 75.6 MPH)
|
|
Batting: SHB Wally Backman
|
0-0: Foul Ball, location: 2F 0-1: Ground out 4-3 (Groundball, 4M, EV 103.8 MPH)
|
|
Batting: LHB Mike Gates
|
0-0: Swinging Strike 0-1: Ball 1-1: Foul Ball, location: 2F 1-2: Foul Ball, location: 2F 1-2: Strikes out swinging
|
| Bottom of the 5th over - 0 runs, 0 hits, 0 errors, 0 left on base; Hawaii 0 - Portland 2 |
| TOP OF THE 6TH |
|
Hawaii Islanders batting - Pitching for Portland Beavers : RHP Kevin Gross
|
|
Batting: LHB Creighton Tevlin
|
0-0: Called Strike 0-1: Ground out 5-3 (Groundball, 56, EV 109.4 MPH)
|
|
Batting: SHB Charles Valley
|
0-0: Foul Ball, location: 2F 0-1: Swinging Strike 0-2: Ball 1-2: Fly out, F7 (Flyball, 7LS, EV 77.5 MPH)
|
|
Batting: LHB Dom Fucci
|
0-0: Ball 1-0: Called Strike 1-1: Swinging Strike 1-2: Ball 2-2: Ball 3-2: Base on Balls
|
|
Batting: RHB Joe Strain
|
0-0: SINGLE (Groundball, 34D, EV 99.4 MPH) Dom Fucci to second Runner from 2nd tries for 3rd, SAFE, no throw by RF
|
|
Batting: LHB Geno Petralli
|
0-0: Called Strike 0-1: Ground out 4-3 (Groundball, 4, EV 96.3 MPH)
|
| Top of the 6th over - 0 runs, 1 hit, 0 errors, 2 left on base; Hawaii 0 - Portland 2 |
| BOTTOM OF THE 6TH |
|
Portland Beavers batting - Pitching for Hawaii Islanders : RHP Herberto Folgueira
|
|
Batting: RHB Glenn Davis
|
0-0: Called Strike 0-1: SINGLE (Groundball, 6MD, EV 106.3 MPH)
|
|
Batting: LHB Harold Baines
|
0-0: Ball 1-0: Grounds into double play, 4-6-3 (Groundball, 34, EV 104.4 MPH)
|
|
Batting: RHB Martinho Varandas
|
0-0: Ball 1-0: Ball 2-0: Swinging Strike 2-1: Ground out 4-3 (Groundball, 4, EV 86.3 MPH)
|
| Bottom of the 6th over - 0 runs, 1 hit, 0 errors, 0 left on base; Hawaii 0 - Portland 2 |
| TOP OF THE 7TH |
|
Hawaii Islanders batting - Pitching for Portland Beavers : RHP Kevin Gross
|
|
Batting: RHB Rob Teegarden
|
0-0: Ball 1-0: Called Strike 1-1: Fly out, F9 (Flyball, 89M, EV 73.1 MPH)
|
|
Batting: SHB Wayne Stone
|
0-0: Called Strike 0-1: Ball 1-1: Ball 2-1: Foul Ball, location: 2F 2-2: Foul Ball, location: 2F 2-2: Ground out 5-3 (Groundball, 5L, EV 93.1 MPH)
|
|
Batting: RHB Tony Walker
|
0-0: Ball 1-0: Ball 2-0: Ground out 6-3 (Groundball, 6M, EV 108.1 MPH)
|
| Top of the 7th over - 0 runs, 0 hits, 0 errors, 0 left on base; Hawaii 0 - Portland 2 |
| BOTTOM OF THE 7TH |
|
Portland Beavers batting - Pitching for Hawaii Islanders : RHP Herberto Folgueira
|
|
Batting: RHB Skeeter Barnes
|
0-0: Called Strike 0-1: Ball 1-1: Foul Ball, location: 2F 1-2: Ball 2-2: Reached on error, E6 (Groundball, 6, EV 94.4 MPH)
|
|
Batting: RHB Pepe Mangual
|
0-0: Ball 1-0: Called Strike 1-1: Ball 2-1: Ball 3-1: Base on Balls Skeeter Barnes to second
|
|
Batting: RHB Kevin Buckley
|
0-0: Ball 1-0: Called Strike 1-1: Foul Ball, location: 2F 1-2: Grounds into double play, 6-4-3 (Groundball, 6S, EV 83.1 MPH) Skeeter Barnes to third
|
|
Batting: LHB Andre David
|
0-0: Ground out U3 (Groundball, 3L, EV 104.4 MPH)
|
| Bottom of the 7th over - 0 runs, 0 hits, 1 error, 1 left on base; Hawaii 0 - Portland 2 |
| TOP OF THE 8TH |
|
Hawaii Islanders batting - Pitching for Portland Beavers : RHP Kevin Gross
|
|
Batting: LHB Leo Sutherland
|
0-0: SINGLE (Groundball, 6D, EV 98.1 MPH)
|
|
Batting: LHB Creighton Tevlin
|
0-0: Ball 1-0: Ball 2-0: Foul Ball, location: 2F 2-1: Foul Ball, location: 2F 2-2: DOUBLE (Line Drive, 7LM, EV 101.9 MPH) Leo Sutherland to third
|
|
Batting: SHB Charles Valley
|
0-0: Foul Ball, location: 2F 0-1: Foul Ball, location: 2F 0-2: Ball 1-2: DOUBLE (Line Drive, 9LD, EV 113.1 MPH) Leo Sutherland scores Creighton Tevlin scores
|
|
Batting: LHB Dom Fucci
|
0-0: Intentional Walk
|
|
Pinch Runner at 2nd Kevin Knuth:
|
|
|
Batting: RHB Joe Strain
|
0-0: Ball 1-0: Ball 2-0: Grounds into double play, 4-6-3 (Groundball, 4, EV 85.6 MPH) Kevin Knuth to third
|
|
Batting: LHB Geno Petralli
|
0-0: Ball 1-0: Foul Ball, location: 2F 1-1: Ball 2-1: Ground out 4-3 (Groundball, 4, EV 85.0 MPH)
|
| Top of the 8th over - 2 runs, 3 hits, 0 errors, 1 left on base; Hawaii 2 - Portland 2 |
| BOTTOM OF THE 8TH |
|
Portland Beavers batting - Pitching for Hawaii Islanders : RHP Herberto Folgueira
|
|
Now at 1B: Kevin Knuth
|
|
|
Batting: SHB Wally Backman
|
0-0: Ball 1-0: Swinging Strike 1-1: Foul Ball, location: 2F 1-2: Ground out 6-3 (Groundball, 6MS, EV 93.8 MPH)
|
|
Batting: LHB Mike Gates
|
0-0: Called Strike 0-1: Ball 1-1: Called Strike 1-2: Single, Error in OF, E7, batter to second base (Line Drive, 78S, EV 107.5 MPH)
|
|
Batting: RHB Glenn Davis
|
0-0: Fly out, F8 (Flyball, 89M, EV 93.1 MPH) Runner from 2nd tags up, SAFE at 3rd with throw by CF
|
|
Batting: LHB Harold Baines
|
0-0: Swinging Strike 0-1: Ball 1-1: SINGLE (Flyball, 56D, EV 91.3 MPH) Mike Gates scores
|
|
Batting: RHB Martinho Varandas
|
0-0: Ball 1-0: Foul Ball, location: 2F 1-1: Foul Ball, location: 2F 1-2: Ball Passed Ball! Harold Baines to second 2-2: Ground out 1-3 (Groundball, 13, EV 68.1 MPH)
|
| Bottom of the 8th over - 1 run, 2 hits, 1 error, 1 left on base; Hawaii 2 - Portland 3 |
| TOP OF THE 9TH |
|
Hawaii Islanders batting - Pitching for Portland Beavers : RHP Kevin Gross
|
|
Pitching: RHP Clyde Reichard
|
|
|
Pinch Hitting: LHB Paul Tomini
|
0-0: Ball 1-0: Swinging Strike 1-1: Foul Ball, location: 2F 1-2: Foul Ball, location: 2F 1-2: Strikes out swinging
|
|
Batting: SHB Wayne Stone
|
0-0: Ball 1-0: Foul Ball, location: 2F 1-1: Ground out 6-3 (Groundball, 6, EV 103.1 MPH)
|
|
Pinch Hitting: LHB Jerry Willard
|
0-0: Called Strike 0-1: Ball 1-1: Called Strike 1-2: Ball 2-2: Strikes out swinging
|
| Top of the 9th over - 0 runs, 0 hits, 0 errors, 0 left on base; Hawaii 2 - Portland 3 |
|